 Dungeon Crawl Stone Soup version 0.32-a0-705-g60f233581c (webtiles) character file.

Game seed: 2307681294751754486

79 BeKind the Vexing (level 4, 0/30 HPs)
             Began as an Octopode Hexslinger on Mar 14, 2024.
             Succumbed to an adder's poison
             ... on level 2 of the Dungeon.
             The game lasted 00:00:57 (919 turns).

BeKind the Vexing (Octopode Hexslinger)              Turns: 919, Time: 00:00:58

Health: 0/30       AC:  1    Str:  5 (7)  XL:     4   Next: 38%
Magic:  5/5        EV: 13    Int: 12 (15) God:
Gold:   75         SH:  0    Dex: 15 (16) Spells: 5/5 levels left

rFire   . . .        a - +1 sling
rCold   . . .        (no shield)
rNeg    . . .        (helmet restricted)
rPois   .            (no amulet)
rElec   .            (no ring)
rCorr   .            (no ring)
SInv    .            (no ring)
Will    .....        (no ring)
Stlth   ++           (no ring)
HPRegen 0.25/turn    (no ring)
MPRegen 0.09/turn    (no ring)
                     (no ring)

%: no passive effects
@: lethally poisoned (0 -> -1), attractive
A: almost no armour, amphibious, 8 rings, camouflage 1, gelatinous body 1,
(nimble swimmer 1), tentacles
a: no special abilities


You were on level 2 of the Dungeon.
You visited 1 branch of the dungeon, and saw 2 of its levels.

You collected 75 gold pieces.

Inventory:

Hand Weapons
 a - a +1 sling (weapon)
Jewellery
 d - a ring of poison resistance
Scrolls
 b - a scroll of poison
Potions
 c - a potion of invisibility {unknown}
 f - a potion of attraction


   Skills:
 + Level 2.4 Fighting
 + Level 2.9 Ranged Weapons
 + Level 3.0 Dodging
 - Level 1.0 Spellcasting
 - Level 3.0 Hexes
 - Level 1.0 Fire Magic


You had 5 spell levels left.
You didn't know any spells.
Your spell library contained the following spells:

 Spells                   Type           Power      Damage    Failure   Level
 Jinxbite                 Hex            14%        N/A       13%         2
 Sigil of Binding         Hex            7%         N/A       26%         3
 Inner Flame              Hex/Fire       5%         N/A       36%         3
 Cause Fear               Hex            3%         N/A       65%         4
 Dimensional Bullseye     Hex/Tloc       2%         N/A       85%         4


Dungeon Overview and Level Annotations

Branches:
Dungeon (2/15)

Altars:


Innate Abilities, Weirdness & Mutations

You cannot wear most types of armour.
You are amphibious.
You can wear up to eight rings at the same time.
Your skin changes colour to match your surroundings (Stealth+).
Your rubbery body absorbs attacks. (AC +1, EV +1)
((You are camouflaged when in or above water. (Stealth+)))
You have tentacles for arms and can constrict up to eight enemies at once.


Message History

Aim: an adder (severely wounded, 42% to hit)
You shoot a sling bullet.
The sling bullet closely misses the adder.
You feel sick. The adder misses you.
Unknown command.
Fire: a) +1 sling
Press: ? - help, Shift-Dir - straight line, f/p - adder
Aim: an adder (severely wounded, 42% to hit)
You shoot a sling bullet.
The sling bullet hits the adder but does no damage.
The adder is severely wounded.
You feel sick. The adder bites you.
* * * LOW HITPOINT WARNING * * *
The adder barely misses you.
Fire: a) +1 sling
Press: ? - help, Shift-Dir - straight line, f/p - adder
Aim: an adder (severely wounded, 42% to hit)
You shoot a sling bullet.
The sling bullet closely misses the adder.
You feel sick. The adder bites you.
* * * LOW HITPOINT WARNING * * *
The adder barely misses you.
Fire: a) +1 sling
Press: ? - help, Shift-Dir - straight line, f/p - adder
Aim: an adder (severely wounded, 42% to hit)
You shoot a sling bullet. The sling bullet hits the adder!
You kill the adder!
* * * LOW HITPOINT WARNING * * *
You feel sick.
Your Dodging skill increases to level 3!
Fire: a) +1 sling
Press: ? - help, Shift-Dir - straight line, f - you It was a potion of degeneration.
There was something very wrong with that liquid.
You feel weakened.
You feel dopey.
You feel clumsy.
* * * LOW HITPOINT WARNING * * *
You feel sick.
It was a potion of attraction.
You feel attractive to monsters.
You die...

#...#.#..........
####...#.........>..
#..............#.###
#..............#.#
#................###
####....#####..####.
........# #.......
####....######.#####
#.†@............####
#.###.########......
#. #.# ##.#### #.
#.# #..... .. #.#
###### ## #.# #.#
#.. .# #.# ..


There were no monsters in sight!

Vanquished Creatures
  3 adders (D:2)
  A gnoll (D:1)
  4 endoplasms
  A giant cockroach (D:1)
  5 goblins
  4 hobgoblins
  4 quokkas (D:1)
  7 ball pythons
  3 bats (D:1)
  3 frilled lizards (D:1)
  3 kobolds
  4 rats (D:1)
42 creatures vanquished.

Notes
Turn   | Place    | Note
-------+----------+-------------------------------------------
     0 | D:1      | BeKind the Octopode Hexslinger began the quest for the Orb.
     0 | D:1      | Reached XP level 1. HP: 13/13 MP: 2/2
   122 | D:1      | Reached XP level 2. HP: 18/18 MP: 3/3
   304 | D:1      | Reached XP level 3. HP: 24/24 MP: 4/4
   739 | D:2      | Reached XP level 4. HP: 30/30 MP: 5/5
   918 | D:2      | HP: 1/30 [poisoned by an adder]
   919 | D:2      | Succumbed to an adder's poison

Illustrated notes

Levels and vault maps discovered:
D:1:      tarquinn_simple_flora_water_c, layout_loops_cross
D:2:      layout_loops_ring, basic_altar

Skill      XL: |  1  2  3  4 |
---------------+-------------+-----
Fighting       | 2 |  2.4
Dodging        | 3 |  3.0
Ranged Weapons | |  2.9
Spellcasting   | |  1.0
Hexes          | |  3.0
Fire Magic     | |  1.0

Action                     |  1- 3 |  4- 6 || total
---------------------------+-------+-------++-------
   Fire: Sling             |    88 |    34 ||   122
    Use: Potion            |       |     2 ||     2
 Armour: Skin              |     6 |    16 ||    22
  Dodge: Dodged            |    16 |    17 ||    33

Table legend: (Time is in decaauts)
 A = Elapsed time spent in this place.
 B = Non-inter-level travel time spent in this place.
 C = Inter-level travel time spent in this place.
 D = Time resting spent in this place.
 E = Time spent auto-exploring this place.
 F = Levels seen in this place.
 G = Mean time per level.
                   A        B        C        D        E       F      G
               +--------+--------+--------+--------+--------+-----+--------+
         Total |    952 |    933 |     19 |      0 |    727 |   2 |  476.0 |
       Dungeon |    952 |    933 |     19 |      0 |    727 |   2 |  476.0 |
               +--------+--------+--------+--------+--------+-----+--------+

Top non-repeatable levels by time:
     D:1: 665 daAuts
     D:2: 286 daAuts
